 Dungeon Crawl Stone Soup version 0.18.1-50-g88ac8fd (webtiles) character file.

50340 lorenzova the Eclecticist (level 14, -3/68 HPs)
             Began as a Deep Elf Conjurer on Oct 23, 2016.
             Was the Champion of Sif Muna.
             Slain by Nahar's ghost (15 damage)
             ... on level 8 of the Lair of Beasts.
             The game lasted 01:14:52 (26983 turns).

lorenzova the Eclecticist (Deep Elf Conjurer)      Turns: 26983, Time: 01:14:53

Health: -3/68      AC: 12    Str:  5    XL:     14   Next: 19%
Magic:  13/56      EV: 13    Int: 31    God:    Sif Muna [******]
Gold:   892        SH:  4    Dex: 17    Spells: 9 memorised, 11 levels left

rFire  + . .     SeeInvis +     Y - staff of fire
rCold  + . .     Gourm    .     W - +1 leather armour of Light {+Blink MP+9 SInv}
rNeg   . . .     Faith    .     H - +0 buckler
rPois  +         Spirit   .     o - +3 hat of Pondering {ponderous, MR+ MP+10 Int+5}
rElec  .         Dismiss  +     T - +1 cloak {MR+}
rCorr  .         Reflect  .     q - +0 pair of gloves
SustAt .         Harm     .     C - +0 pair of boots
MR     +++..                    y - amulet of dismissal
Stlth  ++++......               s - ring of poison resistance
                                Q - ring of stealth

@: slow, extremely resistant to hostile enchantments, stealthy
A: agile 1, cold resistance 1, no device heal 1
a: Channel Energy, Forget Spell, Renounce Religion, Evoke Blink


You were on level 8 of the Lair of Beasts.
You worshipped Sif Muna.
Sif Muna was exalted by your worship.
You were not hungry.

You visited 3 branches of the dungeon, and saw 18 of its levels.
You also visited: Sewer.

You collected 1168 gold pieces.
You spent 276 gold pieces at shops.

Inventory:

Armour
 o - the +3 hat of Pondering (worn) {ponderous, MR+ MP+10 Int+5}
   (You took it off Gastronok on level 9 of the Dungeon)

   It affects your intelligence (+5).
   It affects your resistance to hostile enchantments.
   It affects your magic capacity (+10).
 q - a +0 pair of gloves (worn)
 C - a +0 pair of boots (worn)
 H - a +0 buckler (worn)
 T - a +1 cloak of magic resistance (worn)
 W - the +1 leather armour of Light (worn) {+Blink MP+9 SInv}
   (You found it on level 5 of the Lair of Beasts)

   It affects your magic capacity (+9).
   It lets you see invisible.
   It lets you blink.
Magical Staves
 Y - an uncursed staff of fire (weapon)
Jewellery
 s - a ring of poison resistance (right hand)
 y - an amulet of dismissal (around neck)
 J - an uncursed ring of fire
 Q - a ring of stealth (left hand)
Wands
 b - a wand of flame (45/48)
 c - a wand of lightning (7/15)
 p - a wand of disintegration (24/24)
 U - a wand of digging (13/24)
Scrolls
 a - a scroll of identify
 e - 3 scrolls of remove curse
 f - 7 scrolls of teleportation
 g - 4 scrolls of recharging
 i - 3 scrolls of immolation
 j - 5 scrolls of blinking
 r - a scroll of summoning {unknown}
 u - a scroll of vulnerability
 A - 7 scrolls of enchant armour
 E - 3 scrolls of amnesia
 F - 3 scrolls of fog
 G - a scroll of magic mapping
 L - a scroll of brand weapon
 S - a scroll of holy word
 V - 3 scrolls of fear
 Z - a scroll of silence
Potions
 d - a potion of haste
 h - 3 potions of agility
 k - a potion of ambrosia
 m - 4 potions of brilliance
 t - 6 potions of flight
 v - 2 potions of cure mutation
 x - 3 potions of lignification
 B - 2 potions of resistance
 I - a potion of heal wounds
 M - 2 potions of cancellation
 O - 2 potions of curing
Comestibles
 l - a beef jerky
 n - 5 royal jellies
 w - a meat ration
 D - a bread ration


   Skills:
 * Level 4.8 Armour
 - Level 4.8 Dodging
 - Level 4.9 Stealth
 + Level 17.2 Spellcasting
 + Level 14.9 Conjurations
 - Level 9.5 Charms
 + Level 11.6 Fire Magic
 * Level 6.0 Evocations


You had 11 spell levels left.
You knew the following spells:

 Your Spells              Type           Power        Failure   Level  Hunger
a - Magic Dart            Conj           ####         0%          1    None
b - Iskenderun's Battles  Conj/Chrm      #######.     1%          5    None
c - Iskenderun's Mystic   Conj           #######.     1%          4    None
d - Apportation           Tloc           ####......   4%          1    None
f - Fireball              Conj/Fire      ########..   1%          5    None
m - Bolt of Fire          Conj/Fire      ########..   2%          6    #......
o - Orb of Destruction    Conj           #######...   10%         7    ####...
s - Sticky Flame          Conj/Fire      ########     1%          4    None
x - Conjure Flame         Conj/Fire      ########     1%          3    None


Dungeon Overview and Level Annotations

Branches:
Dungeon (9/15)             Temple (1/1) D:4            Lair (8/8) D:9
 Shoals (0/4) Lair:5        Snake (0/4) Lair:5        Slime (0/6) Lair:6
    Orc (0/2) D:9

Altars:
Ashenzari
Cheibriados
Dithmenos
Elyvilon
Fedhas
Gozag
Kikubaaqudgha
Makhleb
Nemelex Xobeh
Okawaru
Pakellas
Qazlal
Ru
Sif Muna
Trog
Vehumet
Xom
Yredelemnul
Zin
The Shining One
Jiyva

Shops:
D:9 ?

Annotations:
D:4 Monkfish's ghost, amateur KoBe
Lair:8 Nahar's ghost, journeyman GrFi


Innate Abilities, Weirdness & Mutations

You are agile. (Dex +2)
Your flesh is cold resistant.
Potions and wands are less effective at restoring your health.


Message History

The vampire mosquito bites you but does no damage.
The vampire mosquito burns!
The vampire mosquito bites you.
* * * LOW HITPOINT WARNING * * *
The vampire mosquito draws strength from your injuries!
Casting: Sticky Flame
Confirm with . or Enter, or press ? or * to list all spells.
Aiming: Sticky Flame
Press: ? - help, Shift-Dir - straight line, f/p - vampire mosquito
Aim: a vampire mosquito (severely damaged, covered in liquid flames)
You feel a surge of power!
The sticky flame hits the vampire mosquito.
You destroy the vampire mosquito!
Nahar's ghost hits you!
* * * LOW HITPOINT WARNING * * *
You blink.
Nahar's ghost ripples.
You see here a blink frog skeleton.
Nahar's ghost wails, "You must not succeed where I failed!"
Nahar's ghost hits you!
You die...

## ##...P.# ###....##
..#####......## ##...P#
..............# ###...###
..#.PP........# #.......#
...P........### #.#.....#
..P...........# #####......#
.P.P.......÷.####.###.....#.#
.PPPP......#......##.......##
..P......####..W@......P.###
...P†...##.P.........#..##
....P....P..÷........####
†%†####.P.P.÷.......## ††.#
#.............# ...#
#......P#....## ....
#............# .....
####........## ...###
#.........#


You could see Nahar's ghost.

Vanquished Creatures
  Gastronok (D:9)
  Kirke (Lair:7)
  5 hydras
  Erica (D:9)
  8 death yaks
  A necromancer (Lair:3)
  A griffon (Lair:7)
  Maurice (D:9)
  A black mamba (Lair:5)
  4 elephants (Lair:3)
  3 sirens (Lair:5)
  2 torpor snails
  14 spiny frogs
  2 komodo dragons
  2 rime drakes (Lair:4)
  A queen bee (D:8)
  3 trolls
  A merfolk (Lair:5)
  A slime creature (Lair:5)
  27 blink frogs
  Grinder (D:5)
  38 yaks
  2 wyverns
  A basilisk (Lair:2)
  4 hippogriffs
  A hog (Lair:7)
  3 vampire mosquitoes (Lair:8)
  2 nagas (Lair:5)
  14 porcupines
  22 water moccasins
  Duvessa (D:5)
  2 black bears
  10 orc warriors
  An ice beast (D:9)
  A phantom (D:7)
  A wasp (D:9)
  2 necrophages
  4 ogres
  6 centaurs
  22 crocodiles
  Blork the orc (D:5)
  26 giant frogs
  5 big kobolds
  A gnoll sergeant (D:9)
  Dowan (D:5)
  4 scorpions
  15 killer bees (D:8)
  4 wights (D:8)
  4 electric eels (Lair:3)
  8 crimson imps
  11 jellies
  4 orc priests
  6 hounds
  3 basilisk zombies (Lair:3)
  A giant frog skeleton (D:7)
  4 iron imps
  24 orc wizards
  6 iguanas
  Natasha (thrice) (D:3)
  A centaur skeleton (D:6)
  11 hell rats
  9 worker ants
  15 sheep
  A howler monkey zombie (D:6)
  17 adders
  3 gnolls (D:9)
  118 river rats
  A shadow imp (D:7)
  16 oozes
  An adder zombie (D:9)
  An adder skeleton (D:4)
  4 worms
  A dart slug (D:2)
  7 giant geckos
  26 orcs
  9 giant cockroaches
  6 goblins
  8 hobgoblins
  11 jackals
  24 kobolds
  4 quokkas
  6 ball pythons
  27 bats
  A giant gecko zombie (D:9)
  7 giant newts
  A quokka skeleton (D:5)
  17 rats
  4 plants (Lair:3)
706 creatures vanquished.

Vanquished Creatures (others)
  A bush (Lair:8)
  28 fungi
  22 plants
51 creatures vanquished.

Grand Total: 757 creatures vanquished

Notes
Turn   | Place    | Note
--------------------------------------------------------------
     0 | D:1      | lorenzova the Deep Elf Conjurer began the quest for the Orb.
     0 | D:1      | Reached XP level 1. HP: 10/10 MP: 6/6
   356 | D:1      | Reached XP level 2. HP: 15/15 MP: 2/8
   710 | D:1      | Reached skill level 4 in Spellcasting
  1057 | D:2      | Reached XP level 3. HP: 17/19 MP: 3/10
  1142 | D:2      | Reached skill level 5 in Conjurations
  1631 | D:2      | Found a bloodstained altar of Trog.
  2134 | D:3      | Reached XP level 4. HP: 24/24 MP: 9/12
  2159 | D:3      | Learned a level 4 spell: Iskenderun's Mystic Blast
  2169 | D:3      | Noticed Natasha
  2174 | D:3      | Killed Natasha
  2174 | D:3      | Reached skill level 5 in Spellcasting
  2238 | D:3      | Noticed Natasha
  2248 | D:3      | Killed Natasha
  2307 | D:3      | Noticed Natasha
  2311 | D:3      | Killed Natasha
  2311 | D:3      | Reached XP level 5. HP: 19/28 MP: 3/15
  2616 | D:3      | Found a glowing golden altar of the Shining One.
  3258 | D:4      | Reached skill level 6 in Spellcasting
  3549 | D:4      | Reached XP level 6. HP: 32/32 MP: 7/17
  3632 | D:4      | Found a staircase to the Ecumenical Temple.
  4038 | D:4      | Noticed Monkfish's ghost (amateur KoBe)
  4443 | D:4      | Reached skill level 7 in Spellcasting
  4769 | D:5      | Entered Level 5 of the Dungeon
  4785 | D:5      | Found a shadowy altar of Dithmenos.
  4923 | D:5      | Noticed Grinder
  4965 | Temple   | Entered the Ecumenical Temple
  5033 | Temple   | Became a worshipper of Sif Muna the Loreminder
  5168 | D:5      | Noticed Duvessa
  5175 | D:5      | Killed Duvessa
  5175 | D:5      | Reached XP level 7. HP: 36/36 MP: 3/20
  5176 | D:5      | Noticed Dowan
  5298 | D:5      | Killed Dowan
  5310 | D:5      | Found a glowing drain.
  5318 | Sewer    | Entered a sewer
  6135 | Sewer    | Reached skill level 8 in Spellcasting
  6791 | D:5      | Found a burning altar of Makhleb.
  6967 | D:5      | Killed Grinder
  6967 | D:5      | Reached * piety under Sif Muna
  7125 | D:5      | Noticed Blork the orc
  7130 | D:5      | Killed Blork the orc
  7130 | D:5      | Reached skill level 9 in Spellcasting
  7355 | D:5      | Reached XP level 8. HP: 41/41 MP: 17/23
  8156 | D:6      | Reached ** piety under Sif Muna
  8163 | D:6      | Reached skill level 10 in Spellcasting
  8501 | D:6      | Found a blossoming altar of Fedhas.
  8699 | D:7      | Learned a level 3 spell: Conjure Flame
  8704 | D:7      | Learned a level 4 spell: Sticky Flame
  8936 | D:7      | Reached skill level 11 in Spellcasting
  8936 | D:7      | Reached skill level 10 in Conjurations
  8945 | D:7      | Reached XP level 9. HP: 36/45 MP: 1/26
  9096 | D:7      | Reached *** piety under Sif Muna
  9753 | D:7      | Found a sacrificial altar of Ru.
 10177 | D:7      | Reached skill level 1 in Fire Magic
 10619 | D:7      | Learned a level 5 spell: Iskenderun's Battlesphere
 10625 | D:7      | Learned a level 5 spell: Fireball
 10722 | D:8      | Reached skill level 12 in Spellcasting
 10892 | D:8      | Noticed a troll
 10895 | D:8      | Killed a troll
 10895 | D:8      | Reached **** piety under Sif Muna
 11145 | D:8      | Gained mutation: You are agile. (Dex +2) [potion of mutation]
 11145 | D:8      | Gained mutation: Your flesh is cold resistant. [potion of mutation]
 11145 | D:8      | Gained mutation: Potions and wands are less effective at restoring your health. [potion of mutation]
 11614 | D:8      | Reached XP level 10. HP: 50/50 MP: 20/28
 11632 | D:8      | Reached ***** piety under Sif Muna
 11956 | D:8      | Found a basalt altar of Yredelemnul.
 12181 | D:8      | Reached skill level 13 in Spellcasting
 12187 | D:8      | Reached skill level 5 in Fire Magic
 12669 | D:9      | Noticed Maurice
 12694 | D:9      | Killed Maurice
 12874 | D:9      | Found a white marble altar of Elyvilon.
 13249 | D:9      | Noticed Erica
 13253 | D:9      | Killed Erica
 13322 | D:9      | Noticed Gastronok
 13482 | D:9      | Reached ****** piety under Sif Muna
 13482 | D:9      | Received a gift from Sif Muna
 13483 | D:9      | Identified Sif Muna's Collected Works on Earthen Good Luck (Sif Muna gifted it to you on level 9 of the Dungeon)
 14120 | D:9      | Killed Gastronok
 14120 | D:9      | Reached skill level 14 in Spellcasting
 14120 | D:9      | Reached XP level 11. HP: 54/54 MP: 1/31
 14403 | D:9      | Found a staircase to the Lair.
 14582 | D:9      | Found a snail-covered altar of Cheibriados.
 14705 | D:9      | Found Atzoczoo's Magic Scroll Boutique.
 14713 | D:9      | Bought a scroll of fog for 24 gold pieces
 14713 | D:9      | Bought a scroll of blinking for 90 gold pieces
 14713 | D:9      | Bought a scroll of noise for 12 gold pieces
 14713 | D:9      | Bought a scroll of teleportation for 36 gold pieces
 14713 | D:9      | Bought a scroll of identify for 24 gold pieces
 14713 | D:9      | Bought a scroll of enchant armour for 90 gold pieces
 14743 | D:9      | Found a staircase to the Orcish Mines.
 15588 | Lair:1   | Entered Level 1 of the Lair of Beasts
 15984 | Lair:1   | Noticed a four-headed hydra
 15990 | Lair:1   | Killed a four-headed hydra
 15990 | Lair:1   | Received a gift from Sif Muna
 15990 | Lair:1   | Reached skill level 1 in Charms
 15991 | Lair:1   | Identified Sif Muna's Reference Book on Unholy Attacks (Sif Muna gifted it to you on level 1 of the Lair of Beasts)
 16048 | Lair:1   | Learned a level 7 spell: Orb of Destruction
 16351 | Lair:1   | Reached skill level 15 in Spellcasting
 17130 | Lair:2   | Reached skill level 5 in Charms
 17299 | Lair:1   | Reached XP level 12. HP: 59/59 MP: 33/33
 17596 | Lair:2   | Noticed an eight-headed hydra
 17599 | Lair:2   | Killed an eight-headed hydra
 18464 | Lair:3   | Received a gift from Sif Muna
 18465 | Lair:3   | Identified Lipsuec's Compendium of Combat Magic (Sif Muna gifted it to you on level 3 of the Lair of Beasts)
 18468 | Lair:3   | Learned a level 1 spell: Apportation
 18798 | Lair:3   | HP: 2/59 [hell rat (8)]
 19719 | Lair:3   | Reached skill level 10 in Fire Magic
 20161 | Lair:3   | Reached skill level 16 in Spellcasting
 21142 | Lair:4   | Noticed a five-headed hydra
 21148 | Lair:4   | Killed a five-headed hydra
 21482 | Lair:4   | Noticed a six-headed hydra
 21487 | Lair:4   | Killed a six-headed hydra
 21966 | Lair:5   | Found a staircase to the Snake Pit.
 22085 | Lair:5   | Reached XP level 13. HP: 30/63 MP: 30/35
 22088 | Lair:5   | Received a gift from Sif Muna
 22254 | Lair:5   | Learned a level 6 spell: Bolt of Fire
 22588 | Lair:5   | Found a staircase to the Shoals.
 22986 | Lair:5   | Got a scorched leather armour
 22997 | Lair:5   | Identified the +1 leather armour of Light {+Blink MP+9 SInv} (You found it on level 5 of the Lair of Beasts)
 23493 | Lair:5   | Reached skill level 1 in Armour
 23493 | Lair:5   | Reached skill level 1 in Evocations
 24288 | Lair:6   | Found a viscous altar of Jiyva.
 24288 | Lair:6   | Found a staircase to the Slime Pits.
 25588 | Lair:7   | Reached skill level 17 in Spellcasting
 25932 | Lair:7   | Noticed Kirke
 25935 | Lair:7   | Killed Kirke
 25935 | Lair:7   | Reached skill level 5 in Evocations
 26377 | Lair:7   | Reached XP level 14. HP: 68/68 MP: 37/37
 26456 | Lair:8   | Entered Level 8 of the Lair of Beasts
 26955 | Lair:8   | Noticed Nahar's ghost (journeyman GrFi)
 26983 | Lair:8   | Slain by Nahar's ghost

Skill      XL: |  1  2  3  4  5  6  7  8  9 10 11 12 13 14 |
---------------+-------------------------------------------+-----
Spellcasting   | 4 5 6 7 9 11 12 14 15 16 17 | 17.2
Conjurations   | 5 6 7 8 10 11 12 13 14 | 14.9
Fire Magic     | 4 7 9 10 11 | 11.6
Charms         | 5 8 9 |  9.5
Dodging        | 4 |  4.8
Stealth        | 4 |  4.9
Armour         | 4 |  4.8
Evocations     | 5 6 |  6.0

Action                   |  1- 3 |  4- 6 |  7- 9 | 10-12 | 13-15 || total
-------------------------+-------+-------+-------+-------+-------++-------
Melee: Dagger            |     6 |     3 |    26 |    37 |     4 ||    76
       Staff             |       |       |       |       |     1 ||     1
 Cast: Magic Dart        |    78 |   124 |   400 |   500 |   311 ||  1413
       Iskenderun's Myst |       |     5 |    27 |    34 |    23 ||    89
       Sticky Flame      |       |       |     3 |    18 |    14 ||    35
       Iskenderun's Batt |       |       |    13 |   119 |    62 ||   194
       Conjure Flame     |       |       |     6 |     3 |     2 ||    11
       Fireball          |       |       |       |    18 |    13 ||    31
       Bolt of Fire      |       |       |       |       |     7 ||     7
  Use: Scroll            |       |     9 |     7 |     7 |     4 ||    27
       Potion            |       |       |     9 |     1 |       ||    10
 Stab: Sleeping          |       |     1 |     1 |     1 |       ||     3
  Eat: Chunk             |     3 |     6 |    10 |    26 |     7 ||    52
       Fruit             |       |     7 |     4 |     5 |       ||    16
       Bread ration      |       |       |     1 |       |       ||     1
       Beef jerky        |       |       |     1 |     1 |       ||     2
       Royal jelly       |       |       |       |     2 |       ||     2
       Meat ration       |       |       |       |       |     2 ||     2
Armor: Robe              |     2 |     4 |    28 |    36 |     6 ||    76
       Leather armour    |       |       |       |       |    13 ||    13
Dodge: Dodged            |    18 |    19 |   103 |    90 |    30 ||   260
Block: Buckler           |       |       |       |     2 |     6 ||     8
